 Dungeon Crawl Stone Soup version 0.27-a0-1232-gc6a4cbde82 (webtiles) character file.

Game seed: 9996389622615641030

42123 AmberJLi the Fetichist (level 13, 57/123 HPs)
             Began as a Deep Dwarf Delver on June 8, 2021.
             Was the Champion of Okawaru.
             Quit the game on level 4 of the Lair of Beasts.
             The game lasted 00:31:48 (5421 turns).

AmberJLi the Fetichist (Deep Dwarf Delver)          Turns: 5421, Time: 00:31:49

Health: 57/123     AC: 21    Str: 21    XL:     13   Next: 83%
Magic:  4/4        EV: 14    Int: 11    God:    Okawaru [******]
Gold:   409        SH:  0    Dex: 17    Spells: 12/12 levels left

rFire    . . .     SeeInvis .   a - +1 battleaxe (venom)
rCold    . . .     Faith    +   (shield currently unavailable)
rNeg     . . .     Spirit   .   o - +0 plate armour
rPois    +         Reflect  .   (no helmet)
rElec    .         Harm     .   m - scarf {repulsion}
rCorr    .         Rampage  .   z - +2 pair of gloves {Dex+3}
Will     +....                  w - +0 pair of boots
Stlth    ..........             j - amulet of faith
HPRegen  0.00/turn              E - +4 ring of evasion
MPRegen  0.09/turn              D - ring of poison resistance

@: heroic, repel missiles
A: damage resistance, heal wounds, sense surroundings 2, no regeneration
a: Heal Wounds, Renounce Religion, Heroism, Finesse


You were on level 4 of the Lair of Beasts.
You worshipped Okawaru.
Okawaru was exalted by your worship.
You visited 3 branches of the dungeon, and saw 15 of its levels.

You collected 409 gold pieces.

Inventory:

Hand Weapons
 a - a +1 battleaxe of venom (weapon)
 b - a +2 vampiric hand axe
 d - a +0 hand axe
 F - a +2 antimagic broad axe
 K - a +0 battleaxe of draining
Missiles
 G - 8 atropa-tipped darts (quivered)
Armour
 f - a +2 troll leather armour {Snorg}
 m - a scarf of repulsion (worn)
 o - a +0 plate armour (worn)
 w - a +0 pair of boots (worn)
 z - a +2 pair of gloves of dexterity (worn)
 A - a +1 leather armour of fire resistance
 L - a +0 helmet
Jewellery
 j - an amulet of faith (around neck)
 p - a ring of protection from cold
 q - a ring of protection from cold
 r - an amulet of reflection
 D - a ring of poison resistance (right hand)
 E - a +4 ring of evasion (left hand)
 H - a ring of resist corrosion
Wands
 g - a wand of digging (3)
 t - a wand of flame (33)
 I - a wand of iceblast (3)
Scrolls
 c - a scroll of fog {!r}
 e - a scroll of fear {!r}
 i - a scroll of identify {!r}
 x - a scroll of magic mapping {!r}
 B - a scroll of teleportation {!r}
 J - a scroll of summoning {!r}
Potions
 h - 2 potions of brilliance {!q}
 k - 2 potions of curing {!q}
 l - a potion of ambrosia {!q}
 s - 2 potions of attraction {!q}
 v - 2 potions of flight {!q}
 C - a potion of mutation {!q}
Miscellaneous
 n - a phial of floods
 u - a condenser vane (inert)
 y - a box of beasts


   Skills:
 - Level 10.0(15.0) Fighting
 - Level 15.0(20.0) Axes
 - Level 8.8(13.8) Armour
 - Level 2.1(7.1) Dodging
 - Level 6.0(11.0) Stealth
 - Level 8.6 Invocations
 + Level 16.3 Evocations


You had 12 spell levels left.
You didn't know any spells.
Your spell library contained the following spells:

 Spells                   Type           Power      Damage    Failure   Level
 Foxfire                  Conj/Fire      0%         2x1d4     99%         1
 Magic Dart               Conj           0%         1d3       99%         1
 Shock                    Conj/Air       0%         1d3       99%         1
 Blink                    Tloc           N/A        N/A       99%         2
 Call Imp                 Summ           0%         N/A       99%         2
 Slow                     Hex            0%         N/A       99%         2
 Static Discharge         Conj/Air       0%         N/A       99%         2
 Conjure Flame            Conj/Fire      0%         6-21      100%        3
 Mephitic Cloud           Conj/Pois/Air  0%         N/A       100%        3
 Swiftness                Air            0%         N/A       100%        3
 Airstrike                Air            0%         N/A       100%        4
 Cause Fear               Hex            0%         N/A       100%        4
 Lightning Bolt           Conj/Air       0%         1d11      100%        5
 Dragon Form              Tmut           0%         N/A       100%        7
 Dragon's Call            Summ           0%         N/A       100%        9


Dungeon Overview and Level Annotations

Branches:
Dungeon (12/15)            Temple (1/1) D:6            Lair (6/6) D:8
 Shoals (0/4) Lair:4        Slime (0/5) Lair:6          Orc (0/2) D:9
  Snake: Lair:2-4    Spider: Lair:2-4

Altars:
Ashenzari
Fedhas
Gozag
Hepliaklqana
Kikubaaqudgha
Makhleb
Okawaru
Qazlal
Ru
Sif Muna
Trog
Uskayaw
Vehumet
Xom
Yredelemnul
Zin


Innate Abilities, Weirdness & Mutations

You are resistant to damage.
You can heal yourself by infusing magical energy.
You passively map the area around you.
You do not regenerate.


Message History

The wind drake flaps its wings at you. The air twists around and strikes you!
* * * LOW HITPOINT WARNING * * *
You barely miss the wind drake.
The wind drake is lightly wounded.
A blink frog comes into view.
The wind drake bites you.
You barely miss the wind drake.
The wind drake is lightly wounded.
The blink frog croaks.
The wind drake completely misses you.
Unknown command.
You barely miss the wind drake.
The wind drake is lightly wounded.
A blink frog comes into view.
The blink frog blinks!
The blink frog croaks.
You hit the wind drake but do no damage.
The wind drake looks as sick as possible!
The wind drake is lightly wounded.
The wind drake exhales a fierce blast of wind!
You are blown backwards!
Unknown command.
A blink frog comes into view.
A blink frog comes into view.
You closely miss the wind drake.
The wind drake is lightly wounded.
The blink frog gives a loud, deep croak!
The blink frog croaks.
The wind drake flaps its wings at you. The air twists around and strikes you!
* * * LOW HITPOINT WARNING * * *
You slice the wind drake!!
The wind drake looks as sick as possible!
The wind drake is heavily wounded.
The wind drake barely misses you.
Unknown command.
Unknown command.
Unknown command.
Are you sure you want to abandon this character and quit the game? (Confirm with "yes".)

* #....##### ####
*###......#.######.P### ,
.....>......†.........##
............††.........#
, ,
F..F........†.P.......##
*...........#.....##....#
, *
...F.F....#.#P...#P...##
........F..##....#.)..#
......F.@.###...P#.>.†# ,
*.......k..# ##..P##.>.#
#.........# ....P#...# ,
* #.........# *
,..##....# * #.........#
, #....# ,, #.........# *
, *#...## * ..........P*
* ,,*#...# ,, ,
...........#, ....# ,
,............ , ....#


You could see a wind drake (repels missiles, extremely poisoned) and 5 blink
frogs.

Vanquished Creatures
  Nessos (Lair:4)
  A dire elephant (Lair:6)
  Snorg (D:10)
  A boulder beetle (Lair:2)
  3 hydras
  A centaur warrior (D:12)
  A deep troll shaman (Lair:6)
  2 catoblepae (Lair:6)
  14 death yaks (Lair:6)
  2 deep elf pyromancers (D:12)
  An ugly thing (D:12)
  A black mamba (Lair:6)
  4 elephants (Lair:6)
  A gargoyle (D:10)
  A torpor snail (Lair:4)
  5 cane toads
  2 rime drakes
  5 komodo dragons
  An unseen horror (D:11)
  2 polar bears
  3 trolls
  5 blink frogs (Lair:6)
  3 slime creatures (D:12)
  3 dream sheep (Lair:6)
  A wraith (D:10)
  A vampire (D:10)
  A wyvern (D:8)
  61 yaks
  2 steam dragons
  A naga (Lair:2)
  An acid dragon (D:11)
  3 water moccasins (Lair:1)
  2 black bears
  3 orc warriors
  A necrophage (D:8)
  30 wolves
  8 centaurs
  A kobold brigand (D:7)
  4 bullfrogs
  4 wights (D:8)
  2 centaur zombies
  A bullfrog zombie (D:6)
  A bullfrog skeleton (D:6)
  3 orc priests (D:10)
  2 hounds (D:6)
  A centaur skeleton (D:6)
  A gnoll shaman (D:7)
  8 orc wizards
  A howler monkey zombie (D:7)
  4 gnolls (D:7)
  2 white imps (D:7)
  An ufetubus (D:7)
  17 orcs
  2 kobolds (D:7)
  4 bushes (Lair:1)
  A plant (Lair:6)
239 creatures vanquished.

Vanquished Creatures (collateral kills)
  A hydra (Lair:6)
  A death yak (Lair:6)
  4 dream sheep (Lair:6)
  A basilisk (Lair:6)
7 creatures vanquished.

Vanquished Creatures (others)
  An orc wizard (D:9)
  An orc (D:9)
  38 fungi
  66 plants
106 creatures vanquished.

Grand Total: 352 creatures vanquished

Notes
Turn   | Place    | Note
-------+----------+-------------------------------------------
     0 | D:5      | AmberJLi the Deep Dwarf Delver began the quest for the Orb.
     0 | D:5      | Reached XP level 1. HP: 20/20 MP: 1/1
    10 | D:5      | Found a broken altar of Ashenzari.
    26 | D:5      | Noticed a hound
    54 | D:6      | Noticed a hound
    54 | D:6      | Noticed a hound
    68 | D:6      | Killed a hound
    69 | D:6      | Reached XP level 2. HP: 16/27 MP: 2/2
    73 | D:6      | Reached XP level 3. HP: 28/33 MP: 3/3
    77 | D:6      | Reached skill level 5 in Axes
    77 | D:6      | Reached XP level 4. HP: 31/40 MP: 4/4
   163 | D:6      | Found a sacrificial altar of Ru.
   183 | D:6      | Reached XP level 5. HP: 30/46 MP: 5/5
   204 | D:6      | Found a staircase to the Ecumenical Temple.
   214 | Temple   | Entered the Ecumenical Temple
   305 | Temple   | Became a worshipper of Warmaster Okawaru
   385 | D:7      | Found a shimmering altar of Xom.
   530 | D:7      | Noticed a centaur
   549 | D:7      | Killed a centaur
   550 | D:7      | Reached skill level 1 in Invocations
   550 | D:7      | Reached XP level 6. HP: 27/55 MP: 3/5
   718 | D:7      | Reached * piety under Okawaru
   797 | D:7      | Reached skill level 1 in Armour
   837 | D:8      | Noticed a wyvern
   862 | D:8      | Reached XP level 7. HP: 59/61 MP: 4/4
   869 | D:8      | Killed a wyvern
  1268 | D:9      | Found a staircase to the Orcish Mines.
  1274 | D:9      | Reached ** piety under Okawaru
  1345 | D:9      | Reached XP level 8. HP: 56/68 MP: 4/4
  1385 | D:9      | Reached skill level 10 in Axes
  1404 | D:9      | Reached skill level 2 in Evocations
  1406 | D:9      | Reached skill level 3 in Evocations
  1407 | D:9      | Reached *** piety under Okawaru
  1408 | D:9      | Reached skill level 4 in Evocations
  1496 | D:9      | Found a shimmering blue altar of Sif Muna.
  1734 | D:10     | Entered Level 10 of the Dungeon
  1809 | D:10     | Reached skill level 5 in Evocations
  2047 | D:10     | Gained mutation: You passively map the area around you.
                  | [Deep Dwarf growth]
  2047 | D:10     | Reached XP level 9. HP: 57/74 MP: 2/4
  2176 | D:10     | Reached skill level 6 in Evocations
  2208 | D:10     | Noticed Snorg
  2229 | D:10     | Killed Snorg
  2229 | D:10     | Reached **** piety under Okawaru
  2230 | D:10     | Reached skill level 7 in Evocations
  2277 | D:10     | Noticed a gargoyle
  2288 | D:10     | Killed a gargoyle
  2289 | D:10     | Reached skill level 8 in Evocations
  2559 | D:12     | Noticed a troll
  2572 | D:12     | Killed a troll
  2573 | D:12     | Reached skill level 9 in Evocations
  2609 | D:12     | Noticed a purple ugly thing
  2614 | D:12     | Killed a purple ugly thing
  2615 | D:12     | Reached XP level 10. HP: 27/81 MP: 3/3
  2775 | D:12     | Reached ***** piety under Okawaru
  2830 | D:12     | Noticed a centaur warrior
  2850 | D:12     | Killed a centaur warrior
  2851 | D:12     | Reached skill level 10 in Evocations
  2905 | D:12     | Noticed a deep elf pyromancer
  2912 | D:12     | Killed a deep elf pyromancer
  2912 | D:12     | Received a gift from Okawaru
  2976 | D:12     | Reached skill level 11 in Evocations
  3167 | D:12     | Noticed a deep elf pyromancer
  3177 | D:12     | Killed a deep elf pyromancer
  3228 | D:11     | Reached XP level 11. HP: 61/92 MP: 0/4
  3556 | D:10     | Reached skill level 5 in Armour
  3639 | D:8      | Reached skill level 5 in Fighting
  3663 | D:8      | Found a staircase to the Lair.
  3671 | Lair:1   | Entered Level 1 of the Lair of Beasts
  3807 | Lair:1   | Reached skill level 5 in Invocations
  3807 | Lair:1   | Received a gift from Okawaru
  3944 | Lair:1   | Received a gift from Okawaru
  3955 | Lair:1   | Reached ****** piety under Okawaru
  4311 | Lair:2   | Noticed a boulder beetle
  4320 | Lair:2   | Killed a boulder beetle
  4333 | Lair:2   | Noticed a five-headed hydra
  4362 | Lair:2   | Reached XP level 12. HP: 55/104 MP: 5/8
  4365 | Lair:2   | Killed a five-headed hydra
  4499 | Lair:4   | Received a gift from Okawaru
  4533 | Lair:4   | You fall into a shaft and drop 2 floors!
  4533 | Lair:6   | Entered Level 6 of the Lair of Beasts
  4544 | Lair:6   | Reached skill level 15 in Axes
  4604 | Lair:6   | Reached skill level 12 in Evocations
  4621 | Lair:6   | Found a staircase to the Slime Pits.
  4636 | Lair:6   | Noticed an eight-headed hydra
  4642 | Lair:6   | Killed an eight-headed hydra
  4667 | Lair:6   | Noticed a catoblepas
  4683 | Lair:6   | Killed a catoblepas
  4720 | Lair:6   | Received a gift from Okawaru
  4761 | Lair:6   | Reached skill level 13 in Evocations
  4781 | Lair:6   | Noticed a catoblepas
  4781 | Lair:6   | Noticed a death yak
  4781 | Lair:6   | Noticed a death yak
  4781 | Lair:6   | Noticed a death yak
  4782 | Lair:6   | Noticed a death yak
  4784 | Lair:6   | Noticed a death yak
  4784 | Lair:6   | Noticed a dire elephant
  4788 | Lair:6   | Killed a catoblepas
  4791 | Lair:6   | Noticed a deep troll shaman
  4803 | Lair:6   | Killed a death yak
  4808 | Lair:6   | Killed a deep troll shaman
  4812 | Lair:6   | Killed a death yak
  4812 | Lair:6   | Received a gift from Okawaru
  4813 | Lair:6   | Reached XP level 13. HP: 98/117 MP: 3/7
  4838 | Lair:6   | Killed a dire elephant
  4839 | Lair:6   | Reached skill level 14 in Evocations
  5082 | Lair:6   | Reached skill level 15 in Evocations
  5084 | Lair:6   | Received a gift from Okawaru
  5324 | Lair:5   | Reached skill level 10 in Fighting
  5337 | Lair:4   | Noticed Nessos
  5348 | Lair:4   | Killed Nessos
  5377 | Lair:4   | Reached skill level 16 in Evocations
  5381 | Lair:4   | Received a gift from Okawaru
  5400 | Lair:4   | Found a staircase to the Shoals.
  5421 | Lair:4   | Quit the game

Illustrated notes

Levels and vault maps discovered:
D:5:      layout_loops_cross, lemuel_round_altar
D:6:      layout_rooms, nicolae_ru_great_annihilating_truth,
          gammafunk_temple_overflow_wave, minmay_temple_entry_nine_rooms,
          serial_glass, glass_columns_b, glass_columns_a
D:7:      layout_gridville, kennysheep_mini
D:8:      layout_loops_corners, grunt_lair_entry_orc_guard_hut
D:9:      layout_basic, lemuel_tele_altar
D:10:     layout_loops_ring, uniq_snorg
D:11:     layout_loops_cross
D:12:     layout_roguey, minivault_27
Temple:   nicolae_temple_figure_eight
Lair:1:   layout_cave_pods, serial_forest, infiniplex_forest_end_1,
          infiniplex_forest_lined_ring, infiniplex_forest_lined_room_3,
          infiniplex_forest_lined_3, infiniplex_forest_clump_large,
          infiniplex_forest_end_2, portal_ice_cave_entry_ice_beasts,
          uniq_nergalle
Lair:2:   layout_cave_pods, guppyfry_snake_entry_garden
Lair:3:   layout_roguey [special_room_bee], grunt_megastairs_3
Lair:4:   layout_long_grid, minmay_shoals_entry_beasts,
          chequers_serial_rivers_micro_a, minmay_shattered_shrine, uniq_nessos
Lair:5:   layout_cave_shapes
Lair:6:   grunt_lair_end_beastmaster, layout_layer_cave, slime_dummy,
          grunt_megastairs_4, serial_bayou_shore_b

Skill      XL: |  1  2  3  4  5  6  7  8  9 10 11 12 13 |
---------------+----------------------------------------+-----
Axes           | 3 4 5 6 7 9 11 13 14 15 | 15.0
Invocations    | 1 2 8 |  8.6
Armour         | 1 4 7 8 |  8.8
Evocations     | 5 9 11 13 16 | 16.3
Fighting       | 4 5 8 10 | 10.0
Dodging        | |  2.1
Stealth        | |  6.0

Action                   |  1- 3 |  4- 6 |  7- 9 | 10-12 | 13-15 || total
-------------------------+-------+-------+-------+-------+-------++-------
Melee: Hand axe          |    18 |   147 |   112 |    91 |       ||   368
       Punch             |       |     1 |     1 |     2 |       ||     4
       Battleaxe         |       |       |    75 |   375 |   132 ||   582
       Broad axe         |       |       |       |       |     4 ||     4
Throw: Dart              |       |     4 |     5 |     2 |       ||    11
       Throwing net      |       |       |     1 |       |       ||     1
Invok: Heroism           |       |     1 |     7 |    20 |     8 ||    36
       Finesse           |       |       |       |     4 |     2 ||     6
 Abil: Heal Wounds       |     2 |     9 |    15 |    13 |     8 ||    47
Evoke: Wand              |       |     1 |    12 |    27 |     3 ||    43
       Condenser vane    |       |       |       |     3 |     2 ||     5
       Phial of floods   |       |       |       |     2 |       ||     2
       Box of beasts     |       |       |       |       |     1 ||     1
  Use: Scroll            |     1 |     3 |     6 |     3 |     2 ||    15
       Potion            |       |     2 |     2 |     2 |       ||     6
 Stab: Sleeping          |       |     2 |     1 |     2 |       ||     5
       Paralysed         |       |       |       |    30 |       ||    30
       Invisible         |       |       |       |    13 |     8 ||    21
       Distracted        |       |       |       |       |     1 ||     1
Armor: Leather armour    |    21 |    13 |       |    39 |       ||    73
       Chain mail        |       |    69 |    95 |       |       ||   164
       Skin              |       |    32 |    22 |       |       ||    54
       Troll leather arm |       |       |     4 |    32 |       ||    36
       Plate armour      |       |       |       |   140 |    90 ||   230
Dodge: Dodged            |    39 |    87 |    58 |   219 |    98 ||   501
       Repelled          |       |       |       |       |     1 ||     1

Table legend: (Time is in decaauts)
 A = Elapsed time spent in this place.
 B = Non-inter-level travel time spent in this place.
 C = Inter-level travel time spent in this place.
 D = Time resting spent in this place.
 E = Time spent auto-exploring this place.
 F = Levels seen in this place.
 G = Mean time per level.
                   A        B        C        D        E       F      G
               +--------+--------+--------+--------+--------+-----+--------+
         Total |   5187 |   4876 |    311 |    923 |     43 |  15 |  345.8 |
       Dungeon |   3616 |   3428 |    188 |    843 |      0 |   8 |  452.0 |
        Temple |    107 |     91 |     16 |      0 |      0 |   1 |  107.0 |
          Lair |   1462 |   1355 |    107 |     80 |     43 |   6 |  243.7 |
               +--------+--------+--------+--------+--------+-----+--------+

Top non-repeatable levels by time:
    D:12: 744 daAuts
  Lair:6: 652 daAuts
    D:10: 630 daAuts
     D:9: 622 daAuts
     D:7: 489 daAuts
  Lair:1: 478 daAuts
    D:11: 460 daAuts
     D:8: 425 daAuts
     D:6: 206 daAuts
  Lair:4: 138 daAuts
  Lair:2: 123 daAuts
  Temple: 107 daAuts
  Lair:5: 49 daAuts
     D:5: 38 daAuts
  Lair:3: 19 daAuts
